 Dungeon Crawl Stone Soup version 0.21.1-1-g345015f (webtiles) character file.

304 equizz the Chopper (level 6, 0/48 HPs)
             Began as a Human Fighter on Feb 9, 2018.
             Was an Initiate of the Shining One.
             Slain by an orc wizard
             ... wielding a +0 dagger
              (5 damage)
             ... on level 4 of the Dungeon on Feb 13, 2018.
             The game lasted 00:36:26 (2939 turns).

equizz the Chopper (Human Fighter)                  Turns: 2939, Time: 00:36:27

Health: 0/48       AC:  8    Str: 16    XL:     6   Next: 66%
Magic:  6/6        EV:  7    Int:  9    God:    the Shining One [......]
Gold:   169        SH:  9    Dex: 14    Spells: 5/5 levels left

rFire    . . .     SeeInvis .   D - -3 hand axe (curse)
rCold    + . .     Gourm    .   c - +0 shield
rNeg     . . .     Faith    .   b - +0 scale mail
rPois    .         Spirit   .   (no helmet)
rElec    .         Reflect  .   (no cloak)
rCorr    +         Harm     .   (no gloves)
MR       .....                  u - +0 pair of boots
Stlth    ..........             (no amulet)
HPRegen  0.16/turn              e - ring of protection from cold
MPRegen  0.10/turn              n - ring of resist corrosion

@: lethally poisoned (0 -> -13), slowed, glowing, very slow
A: no striking features
a: Renounce Religion


You were on level 4 of the Dungeon.
You worshipped the Shining One.
The Shining One was noncommittal.
You were hungry.

You visited 1 branch of the dungeon, and saw 4 of its levels.

You collected 169 gold pieces.

Inventory:

Hand Weapons
 a - a +0 war axe
 d - a +2 flail of protection
 g - a +0 dagger
 i - a +2 hand axe of flaming
 j - a +0 hand axe
 o - a +0 spear
 x - a +0 short sword
 y - a +0 long sword
 D - a cursed -3 hand axe (weapon)
Missiles
 h - 17 arrows
 m - 2 tomahawks (quivered)
Armour
 b - a +0 scale mail (worn)
 c - a +0 shield (worn)
 u - a +0 pair of boots (worn)
 A - a +0 chain mail
Jewellery
 e - a ring of protection from cold (left hand)
 k - an uncursed amulet of magic regeneration
 n - a ring of resist corrosion (right hand)
 z - an uncursed ring of fire
Scrolls
 l - a scroll of identify
 t - 2 scrolls of teleportation
Potions
 q - a potion of agility {unknown}
 r - a potion of brilliance {unknown}
 s - a potion of flight {unknown}
 v - a potion of heal wounds {unknown}
 w - a potion of mutation {unknown}
 C - a potion of berserk rage {unknown}
Comestibles
 f - 5 rations


   Skills:
 + Level 3.7 Fighting
 + Level 4.5 Axes
 + Level 3.8 Armour
 + Level 1.3 Dodging
 + Level 4.0 Shields


You had 5 spell levels left.
You didn't know any spells.

Dungeon Overview and Level Annotations

Branches:
Dungeon (4/15)
 Temple: D:4-7

Altars:
Ashenzari
Dithmenos
Elyvilon
Gozag
Makhleb
The Shining One


Message History

You hit the orc but do no damage.
The orc is moderately wounded.
You hit the orc wizard but do no damage.
* * * LOW HITPOINT WARNING * * *
You feel sick.
The orc wizard hits you but does no damage.
You are lethally poisoned!
The orc wizard casts a spell.
The orc wizard blinks!
The orc hits you but does no damage. The orc completely misses you.
You are feeling hungry.
You hit the orc wizard.
The orc wizard is almost dead.
You hit the orc but do no damage.
* * * LOW HITPOINT WARNING * * *
You feel sick.
The orc wizard casts a spell.
The orc wizard blinks!
You block the orc wizard's attack. You block the orc's attack.
The orc wizard hits you with a dagger.
You die...

### #.. #.# #.#
#.# #.# #.#
##.############
#..oo@o<......#
#.ยง##########.#
#..### #....#
#.##.# #. #(# #.
#W# #. #[# #.
#.#


You could see an orc wizard and 2 orcs.

Vanquished Creatures
  A phantom (D:3)
  A howler monkey (D:4)
  An orc priest (D:3)
  6 adders
  2 dart slugs
  2 leopard geckos
  5 orcs
  3 ball pythons
  9 bats
  3 giant cockroaches
  7 goblins
  13 hobgoblins
  4 jackals (D:2)
  A quokka (D:2)
  6 frilled lizards
  8 kobolds
  11 rats
83 creatures vanquished.

Notes
Turn   | Place    | Note
-------+----------+-------------------------------------------
     0 | D:1      | equizz the Human Fighter began the quest for the Orb.
     0 | D:1      | Reached XP level 1. HP: 18/18 MP: 1/1
    77 | D:1      | Reached XP level 2. HP: 22/24 MP: 2/2
   246 | D:1      | Reached XP level 3. HP: 18/29 MP: 3/3
   863 | D:2      | Reached XP level 4. HP: 30/35 MP: 4/4
  1170 | D:2      | Reached XP level 5. HP: 37/41 MP: 5/5
  1381 | D:2      | Found an opulent altar of Gozag.
  1386 | D:2      | Found a shattered altar of Ashenzari.
  1894 | D:3      | Found a glowing golden altar of the Shining One.
  1899 | D:3      | Became a worshipper of the Shining One
  1932 | D:3      | Found a white marble altar of Elyvilon.
  1932 | D:3      | Found a shadowy altar of Dithmenos.
  1934 | D:3      | Found a burning altar of Makhleb.
  2139 | D:3      | Reached skill level 1 in Dodging
  2607 | D:4      | Noticed a phantom
  2607 | D:4      | Reached XP level 6. HP: 18/47 MP: 6/6
  2653 | D:3      | Killed a phantom
  2939 | D:4      | Slain by an orc wizard

Skill      XL: |  1  2  3  4  5  6 |
---------------+-------------------+-----
Axes           | 3 4 |  4.5
Dodging        | 1 |  1.3
Shields        | 4 |  4.0
Fighting       | |  3.7
Armour         | |  3.8

Action                   |  1- 3 |  4- 6 || total
-------------------------+-------+-------++-------
Melee: War axe           |   124 |   108 ||   232
       Hand axe          |       |   106 ||   106
  Use: Scroll            |       |     5 ||     5
       Potion            |       |     2 ||     2
  Eat: Ration            |       |     2 ||     2
Armor: Scale mail        |    65 |    78 ||   143
       Chain mail        |       |     1 ||     1
Dodge: Dodged            |    42 |    61 ||   103
Block: Shield            |    82 |   115 ||   197
